 Dungeon Crawl Stone Soup version 0.26-a0-737-g4e9f4955e2 (webtiles) character file.

Game seed: 10672683903305373176

730 Forecaster the Stinger (level 7, -3/56 HPs)
             Began as a Naga Venom Mage on Nov 4, 2020.
             Was a Follower of Sif Muna.
             Slain by Grinder (5 damage)
             ... while paralysed by Grinder
             ... on level 4 of the Dungeon.
             The game lasted 00:26:40 (4492 turns).

Forecaster the Stinger (Naga Venom Mage)            Turns: 4492, Time: 00:26:40

Health: -3/56      AC:  7    Str: 10    XL:     7   Next: 73%
Magic:  8/14       EV:  1    Int: 16    God:    Sif Muna [*.....]
Gold:   201        SH:  0    Dex: 13    Spells: 12/15 levels left

rFire    . . .     SeeInvis +   z - +1 dagger (elec)
rCold    . . .     Faith    .   (no shield)
rNeg     . . .     Spirit   .   d - +0 robe
rPois    +         Reflect  +   (no helmet)
rElec    .         Harm     .   B - +0 cloak
rCorr    .         Rampage  .   h - +2 pair of gloves
MR       .....                  (no barding)
Stlth    ++........             j - amulet of reflection
HPRegen  0.18/turn              (no ring)
MPRegen  0.14/turn              (no ring)

@: paralysed, very slow
A: large, see invisible, deformed body, poison resistance, slowness 2, spit
poison 1, AC +2
a: Spit Poison, Channel Magic, Renounce Religion


You were on level 4 of the Dungeon.
You worshipped Sif Muna.
Sif Muna was aware of your devotion.
You visited 1 branch of the dungeon, and saw 4 of its levels.

You collected 201 gold pieces.

Inventory:

Hand Weapons
 b - a +0 short sword
 x - a +0 dagger
 z - a +1 dagger of electrocution (weapon)
 F - a cursed -3 mace
 I - a +0 falchion of protection
Missiles
 f - 20 poisoned darts (quivered)
 A - 2 curare-tipped darts
Armour
 a - a +0 robe
 d - a +0 robe (worn)
 h - a +2 pair of gloves (worn)
 k - a +0 cloak
 n - a +0 ring mail of magic resistance
 r - a +0 pair of gloves
 B - a +0 cloak (worn)
Jewellery
 j - an amulet of reflection (around neck)
Wands
 C - a wand of random effects (22)
 E - a wand of flame (14)
Scrolls
 g - a scroll of fear
 m - 3 scrolls of teleportation
 s - 2 scrolls of identify
 t - a scroll of noise
 v - a scroll of blinking
 y - 2 scrolls of magic mapping
 D - a scroll of amnesia
Potions
 c - 2 potions of curing
 e - a potion of mutation {unknown}
 i - a potion of heal wounds {unknown}
 l - a potion of lignification {unknown}
 o - 3 potions of stabbing {unknown}
 p - a potion of flight {unknown}
 q - a potion of haste {unknown}
 u - a potion of ambrosia {unknown}
 w - 2 potions of might {unknown}
 G - a potion of brilliance {unknown}
 H - a potion of cancellation {unknown}


   Skills:
 + Level 0.9 Fighting
 + Level 1.8 Short Blades
 + Level 1.9 Dodging
 + Level 3.5 Stealth
 + Level 4.7 Spellcasting
 + Level 1.1 Transmutations
 + Level 4.0 Air Magic
 + Level 6.7 Poison Magic


You had 12 spell levels left.
You knew the following spells:

 Your Spells              Type           Power        Failure   Level
a - Sting                 Tmut/Pois      ###.         3%          1
b - Poisonous Vapours     Pois/Air       ###...       2%          2

Your spell library contained the following spells:

 Spells                   Type           Power        Failure   Level
 Olgreb's Toxic Radiance  Pois           ####....     10%         4
 Mephitic Cloud           Conj/Pois/Air  ###.....     11%         3
 Ignite Poison            Fire/Tmut/Pois ##......     16%         3
 Confusing Touch          Hex            #.......     43%         3
 Gell's Gravitas          Tloc           #.........   43%         3
 Petrify                  Tmut/Erth      #.......     77%         4
 Yara's Violent Unravell  Hex/Tmut       #.........   98%         5
 Metabolic Englaciation   Hex/Ice        #.........   99%         5


Dungeon Overview and Level Annotations

Branches:
Dungeon (4/15)
 Temple: D:4-7

Altars:
Elyvilon
Ru
Sif Muna
Trog

Annotations:
D:4 Grinder


Innate Abilities, Weirdness & Mutations

You cannot wear boots.
Your serpentine skin is tough. (AC +2)
You have supernaturally acute eyesight. (SInv)
Armour fits poorly on your strangely shaped body.
Your system is resistant to poisons. (rPois)
You cover ground very slowly.
You can spit poison.


Message History

You hit Grinder. Lightning courses through Grinder!!
Grinder is heavily wounded.
Grinder hits you.
You closely miss Grinder.
Grinder is heavily wounded.
Grinder gestures at you.
You suddenly lose the ability to move!
Grinder hits you.
* * * LOW HITPOINT WARNING * * *
You writhe in agony.
* * * LOW HITPOINT WARNING * * *
Grinder hits you but does no damage. Grinder hits you.
* * * LOW HITPOINT WARNING * * *
Grinder hits you!
* * * LOW HITPOINT WARNING * * *
You writhe in agony.
* * * LOW HITPOINT WARNING * * *
Grinder hits you.
You die...

. .# ####.# .... .#
#..... ....#.. ##
#..#.# .<#.. ###
###...#..). ..#.. ...
..#..###... #>#.# ###
#.#.#.#.#.. #.#B# ###
#..........
#†#5#######.#.###....
#...@.'_'...#.......#
###.###'###.#####....
##.# #.# #.# #.###
#..###.###.#####.#
#........)....##.#
#.#.###.#.###.##.#
#...###.#.###.##.#
###..............#
#.###.#†###.#### #


You could see Grinder and a worker ant.

Vanquished Creatures
  A moth of wrath (D:4)
  A howler monkey (D:4)
  4 orc wizards
  An iguana (D:4)
  2 worker ants (D:4)
  5 adders
  An ooze (D:4)
  5 worms
  2 dart slugs (D:3)
  2 leopard geckos (D:1)
  13 orcs
  A giant cockroach (D:4)
  4 goblins
  5 hobgoblins
  2 jackals (D:4)
  2 quokkas (D:4)
  7 bats
  3 frilled lizards
  11 kobolds
  A quokka skeleton (D:4)
  10 rats
83 creatures vanquished.

Notes
Turn   | Place    | Note
-------+----------+-------------------------------------------
     0 | D:1      | Forecaster the Naga Venom Mage began the quest for the Orb.
     0 | D:1      | Reached XP level 1. HP: 15/15 MP: 3/3
   201 | D:1      | Reached XP level 2. HP: 18/22 MP: 0/5
   429 | D:1      | Learned a level 2 spell: Poisonous Vapours
  1257 | D:1      | Reached XP level 3. HP: 28/28 MP: 3/6
  1491 | D:2      | Found a faded altar of an unknown god.
  2468 | D:3      | Reached XP level 4. HP: 23/36 MP: 2/8
  2608 | D:3      | Reached skill level 1 in Air Magic
  2608 | D:3      | Reached skill level 5 in Poison Magic
  2617 | D:3      | Reached skill level 1 in Short Blades
  2617 | D:3      | Reached XP level 5. HP: 36/43 MP: 0/9
  2769 | D:3      | Found a shimmering blue altar of Sif Muna.
  2775 | D:3      | Became a worshipper of Sif Muna the Loreminder
  3747 | D:4      | Found a white marble altar of Elyvilon.
  3946 | D:4      | Reached XP level 6. HP: 50/50 MP: 6/11
  4039 | D:4      | Noticed a moth of wrath
  4042 | D:4      | Found a bloodstained altar of Trog.
  4048 | D:4      | Reached * piety under Sif Muna
  4159 | D:4      | Killed a moth of wrath
  4159 | D:4      | Reached skill level 6 in Poison Magic
  4159 | D:4      | Reached XP level 7. HP: 56/56 MP: 1/13
  4446 | D:4      | Found a sacrificial altar of Ru.
  4471 | D:4      | Noticed Grinder
  4487 | D:4      | Paralysed by Grinder for 6 turns
  4491 | D:4      | HP: 2/56 [Grinder (2)]
  4492 | D:4      | Slain by Grinder

Illustrated notes

Levels and vault maps discovered:
D:1:      ncdulo_wetmaze, layout_loops_ring, minmay_misc_feat_x, minivault_27
D:2:      layout_loops_ring, chequers_ecumenical_altar_island,
          nrook_mini_backslash, minmay_misc_feat_iff
D:3:      layout_loops_ring, led_sif_pool
D:4:      layout_loops_cross, tgw_trog, elyvilon_altar_5, lemuel_doored_altar,
          serial_shops, kennysheep_mini, uniq_crazy_yiuf_cottage, uniq_grinder

Skill      XL: |  1  2  3  4  5  6  7 |
---------------+----------------------+-----
Spellcasting   | 3 4 |  4.7
Air Magic      | 1 2 3 4 |  4.0
Poison Magic   | 5 6 |  6.7
Short Blades   | 1 |  1.8
Fighting       | |  0.9
Dodging        | |  1.9
Stealth        | |  3.5
Transmutations | |  1.1

Action                   |  1- 3 |  4- 6 |  7- 9 || total
-------------------------+-------+-------+-------++-------
Melee: Short sword       |    57 |    19 |       ||    76
       Dagger            |       |    22 |    19 ||    41
 Cast: Sting             |    10 |       |       ||    10
       Poisonous Vapours |    31 |    62 |    11 ||   104
  Use: Scroll            |     6 |     1 |     3 ||    10
       Potion            |     1 |       |       ||     1
Armor: Robe              |    18 |    13 |     4 ||    35
Dodge: Dodged            |    25 |    13 |     3 ||    41
Block: Other             |     4 |     5 |     1 ||    10

Table legend: (Time is in decaauts)
 A = Elapsed time spent in this place.
 B = Non-inter-level travel time spent in this place.
 C = Inter-level travel time spent in this place.
 D = Time resting spent in this place.
 E = Time spent auto-exploring this place.
 F = Levels seen in this place.
 G = Mean time per level.
                   A        B        C        D        E       F      G
               +--------+--------+--------+--------+--------+-----+--------+
         Total |   5348 |   5238 |    110 |    939 |   3362 |   4 | 1337.0 |
       Dungeon |   5348 |   5238 |    110 |    939 |   3362 |   4 | 1337.0 |
               +--------+--------+--------+--------+--------+-----+--------+

Top non-repeatable levels by time:
     D:1: 1715 daAuts
     D:3: 1424 daAuts
     D:4: 1142 daAuts
     D:2: 1065 daAuts
